Map: Ulrena

Players

speaknow (ByuN) - Winner!

  • Race: Terran Terran

Patience

  • Race: Protoss Protoss
  • League: Grandmaster

Event: Byun vs Patience (matcherino)

VOD

https://www.youtube.com/watch?v=p-kqA1Z5rz0

Description

Time

  • Played on: Nov. 23, 2015, 9:55 a.m.
  • Length: 8:53

All games in this series

Show
View Real Time Build Order
Export as new Build Order

speaknow Terran - Winner!

Build Orders: 1/1/1, Liberator Opening 

Get SALT Encoding   

  12  0:00  SCV  
  13  0:13  SCV  
  14  0:17  Supply Depot  
  14  0:25  SCV  
  15  0:39  SCV  
  15  0:40  Barracks  
  16  0:44  Refinery  
  16  0:51  SCV  
  16  0:55  Refinery  
  17  1:03  SCV  
  18  1:15  SCV  
  19  1:27  Marine  
  19  1:30  Orbital Command  
  20  1:38  Factory  
  20  1:45  Marine  
  21  1:53  Supply Depot  
  21  1:56  SCV  
  22  2:03  Barracks Reactor  
  22  2:08  SCV  
  23  2:20  SCV  
  23  2:21  Factory Tech Lab  
  23  2:22  Starport  
  24  2:28  Supply Depot  
  24  2:32  SCV  
  25  2:39  Siege Tank  
  25  2:42  Marine  
  25  2:43  Liberator  
  25  2:44  Marine  
  29  2:46  SCV  
  31  2:54  Supply Depot  
  34  3:06  Marine  
  34  3:07  Marine  
  36  3:18  Siege Tank  
  39  3:21  Supply Depot  
  39  3:25  Marine  
  39  3:26  Marine  
  41  3:42  Marine  
  41  3:44  Marine  
  41  3:48  Medivac  
  45  3:49  Engineering Bay  
  45  3:58  Supply Depot  
  45  4:02  Marine x2  
  46  4:03  Siege Tank  
  50  4:10  Liberator  
  50  4:19  Missile Turret  
  50  4:20  Marine x2  
  55  4:39  Supply Depot  
  55  4:40  Marine x2  
  57  4:56  Siege Tank  
  57  4:57  Marine  
  57  4:58  Marine  
  62  5:15  Marine x2  
  62  5:19  Viking  
  66  5:33  Marine x2  
  66  5:34  Cyclone  
  71  5:53  Terran Infantry Weapons Level 1  
  71  5:55  Supply Depot  
  71  5:56  Command Center  
  71  6:05  Command Center  
  71  6:18  Supply Depot  
  71  6:20  Supply Depot, SCV  
  69  6:27  Marine x2  
  71  6:44  Marine  
  71  6:45  Marine  
  73  6:51  Cyclone  
  73  6:52  Mag-Field Accelerator  
  76  6:57  SCV  
  76  6:59  Starport Reactor  
  77  7:11  SCV  
  77  7:13  Supply Depot  
  78  7:18  Planetary Fortress  
  78  7:24  Missile Turret  
  78  7:37  Marine x2  
  78  7:40  SCV  
  81  7:46  Missile Turret  
  81  7:53  SCV  
  82  8:01  Marine x2  
  82  8:02  Cyclone  
  82  8:05  SCV  
  88  8:07  SCV  
  89  8:17  SCV  
  89  8:18  Marine  
  89  8:19  Marine  
Show
View Real Time Build Order
Export as new Build Order

Patience Protoss 

Build Orders: 1 Gate Expand, Oracle Opening, Phoenix Opening 

Get SALT Encoding   

  12  0:01  Probe (Chrono Boost)  
  13  0:11  Probe (Chrono Boost)  
  14  0:18  Pylon  
  14  0:22  Probe (Chrono Boost)  
  15  0:36  Probe (Chrono Boost)  
  15  0:40  Gateway  
  16  0:45  Assimilator  
  16  0:47  Probe (Chrono Boost)  
  17  0:57  Probe (Chrono Boost)  
  17  1:03  Assimilator  
  18  1:08  Probe (Chrono Boost)  
  19  1:19  Probe (Chrono Boost)  
  20  1:29  Cybernetics Core, Probe (Chrono Boost)  
  21  1:42  Nexus  
  21  1:45  Probe (Chrono Boost)  
  22  1:53  Pylon  
  22  1:56  Probe (Chrono Boost)  
  23  2:05  Pylon  
  23  2:12  Stargate  
  23  2:14  Probe (Chrono Boost)  
  24  2:24  Probe (Chrono Boost)  
  25  2:35  Mothership Core (Chrono Boost)  
  27  2:53  Probe (Chrono Boost)  
  27  2:56  Probe, Oracle (Chrono Boost)  
  32  3:04  Nexus  
  32  3:07  Probe  
  32  3:11  Warp Gate  
  33  3:16  Pylon  
  33  3:19  Probe (Chrono Boost)  
  34  3:22  Probe (Chrono Boost)  
  35  3:36  Robotics Facility  
  35  3:39  Probe (Chrono Boost)  
  35  3:40  Probe (Chrono Boost)  
  37  3:54  Phoenix (Chrono Boost)  
  39  4:10  Gateway  
  39  4:13  Gateway  
  39  4:19  Phoenix (Chrono Boost)  
  41  4:25  Pylon  
  41  4:36  Immortal (Chrono Boost)  
  45  4:44  Pylon, Phoenix  
  45  4:50  Pylon  
  47  4:58  Pylon  
  47  5:00  Probe  
  48  5:08  Phoenix (Chrono Boost)  
  48  5:10  Probe  
  51  5:16  Immortal (Chrono Boost)  
  55  5:24  Pylon  
  55  5:34  Probe  
  55  5:38  Zealot  
  55  5:39  Zealot x2  
  62  5:57  Pylon  
  62  6:01  Pylon  
  62  6:07  Pylon  
  62  6:13  Probe  
  62  6:15  Observer, Void Ray (Chrono Boost)  
  68  6:24  Probe  
  68  6:29  Adept  
  68  6:30  Adept  
  73  6:34  Probe  
  73  6:36  Adept  
  73  6:38  Immortal (Chrono Boost)  
  67  6:44  Assimilator  
  67  6:45  Probe  
  68  6:49  Gateway  
  68  6:50  Assimilator  
  68  6:52  Gateway x2  
  69  7:02  Pylon  
  69  7:03  Pylon  
  68  7:12  Void Ray (Chrono Boost)  
  70  7:19  Pylon  
  70  7:20  Adept x3, Pylon  
  76  7:23  Immortal  
  80  7:31  Probe  
  81  7:42  Stalker x2  
  81  7:43  Stalker, Probe  
  88  7:55  Probe  
  88  7:56  Void Ray (Chrono Boost)  
  93  7:59  Pylon  
  93  8:06  Zealot x2  
  93  8:08  Zealot  
  64  8:31  Adept x4  
  64  8:32  Adept  

Tags
 
Add a new tag
Caveats
  • Supply blocks, unpowered buildings, or Contaminate may cause inaccurate times.
  • Supply counts are checked every 10 seconds.